 Dungeon Crawl Stone Soup version 0.21.1-1-g345015f (webtiles) character file.

214 thiefofnight the Sneak (level 6, -6/46 HPs)
             Began as a Human Assassin on Apr 27, 2018.
             Mangled by an ice beast (10 damage)
             ... on level 4 of the Dungeon.
             The game lasted 00:19:11 (4486 turns).

thiefofnight the Sneak (Human Assassin)             Turns: 4486, Time: 00:19:11

Health: -6/46      AC:  5    Str: 11    XL:     6   Next: 15%
Magic:  6/6        EV: 13    Int: 12    God:
Gold:   224        SH:  0    Dex: 18    Spells: 5/5 levels left

rFire    + . .     SeeInvis .   t - +2 dagger (freeze)
rCold    . . .     Gourm    .   (no shield)
rNeg     . . .     Faith    .   i - +0 robe
rPois    .         Spirit   .   l - +0 helmet
rElec    .         Reflect  .   d - +1 cloak
rCorr    .         Harm     .   (no gloves)
MR       .....                  p - +0 pair of boots
Stlth    +++.......             (no amulet)
HPRegen  0.15/turn              (no ring)
MPRegen  0.10/turn              (no ring)

@: no status effects
A: agile 1, deformed body, fire resistance 1
a: no special abilities


You were on level 4 of the Dungeon.
You were not hungry.

You visited 1 branch of the dungeon, and saw 4 of its levels.

You collected 224 gold pieces.

Inventory:

Hand Weapons
 a - a +2 dagger
 b - a +0 blowgun
 j - a +0 dagger
 n - a +0 short sword
 t - a +2 dagger of freezing (weapon)
Missiles
 e - 8 poisoned needles
 f - 5 curare-tipped needles
 h - 96 stones (quivered)
Armour
 c - a +0 robe
 d - a +1 cloak (worn)
 i - a +0 robe (worn)
 l - a +0 helmet (worn)
 m - a +0 leather armour
 o - a +0 leather armour
 p - a +0 pair of boots (worn)
 s - a +0 cloak
Scrolls
 k - a scroll of remove curse {unknown}
 q - 2 scrolls of teleportation
 r - a scroll of blinking
 u - 2 scrolls of identify
 w - a scroll of fog
Comestibles
 g - 4 rations


   Skills:
 + Level 2.5 Fighting
 + Level 3.4 Short Blades
 + Level 2.1 Throwing
 + Level 2.4 Dodging
 + Level 5.7 Stealth


You had 5 spell levels left.
You didn't know any spells.

Dungeon Overview and Level Annotations

Branches:
Dungeon (4/15)
 Temple: D:4-7

Altars:

Annotations:
D:4 Roran's ghost, novice NaCK


Innate Abilities, Weirdness & Mutations

You are agile. (Dex +2)
Armour fits poorly on your strangely shaped body.
Your flesh is heat resistant. (rF+)


Message History

The ice beast hits you. The ice beast freezes you.
You closely miss the ice beast.
The ice beast is lightly wounded.
You hit the ice beast but do no damage.
The ice beast is lightly wounded.
The ice beast barely misses you.
You hit the ice beast but do no damage.
The ice beast is lightly wounded.
The ice beast completely misses you.
You hit the ice beast.
The ice beast is moderately wounded.
The orc wizard casts a spell.
The orc wizard blinks!
The ice beast hits you. The ice beast freezes you!
* * * LOW HITPOINT WARNING * * *
You hit the ice beast but do no damage.
The ice beast is moderately wounded.
The ice beast hits you.
* * * LOW HITPOINT WARNING * * *
The ice beast freezes you!
You die...

### ########## ####### #..
.........# #...... #.#
#######.## #.##### #.# #.#
#.....# #.# #.###########.#
#.# #.#.......# #.# #.#
#.#.......# #.#
######.#########.#.(.....###.#
#............@Yo....o....'....
#.####.#.#########.......###)#
#.####.#.## #.......# #.#
#>......... ................
#......#.## ##############.#
####.#'####.# #.# ....##.##
#.# #.# .####...###.#########
#'# ..##.)...##.(.......#


You could see an ice beast, an orc wizard and an orc.

Vanquished Creatures
  An orc priest (D:4)
  Ijyb (D:3)
  A worker ant (D:4)
  4 adders
  A worm (D:3)
  A dart slug (D:1)
  3 leopard geckos
  12 orcs
  A giant cockroach (D:1)
  8 goblins
  5 hobgoblins
  11 jackals
  3 quokkas (D:3)
  9 bats
  3 frilled lizards (D:1)
  9 kobolds
  7 rats
80 creatures vanquished.

Notes
Turn   | Place    | Note
-------+----------+-------------------------------------------
     0 | D:1      | thiefofnight the Human Assassin began the quest for the Orb.
     0 | D:1      | Reached XP level 1. HP: 16/16 MP: 1/1
   148 | D:1      | Reached XP level 2. HP: 22/22 MP: 2/2
   378 | D:1      | Reached XP level 3. HP: 17/27 MP: 3/3
  1482 | D:2      | Reached skill level 5 in Stealth
  1482 | D:2      | Reached XP level 4. HP: 27/33 MP: 4/4
  2203 | D:3      | Noticed Ijyb
  2330 | D:3      | Killed Ijyb
  2336 | D:3      | Reached XP level 5. HP: 33/39 MP: 5/5
  3877 | D:4      | Gained mutation: Armour fits poorly on your strangely shaped body. [potion of mutation]
  3877 | D:4      | Gained mutation: You are agile. (Dex +2) [potion of mutation]
  3877 | D:4      | Gained mutation: Your flesh is heat resistant. (rF+) [potion of mutation]
  4015 | D:4      | Noticed Roran's ghost (novice NaCK)
  4240 | D:4      | Reached XP level 6. HP: 46/46 MP: 6/6
  4430 | D:4      | Noticed an ice beast
  4486 | D:4      | Mangled by an ice beast

Skill      XL: |  1  2  3  4  5 |
---------------+----------------+-----
Stealth        | 5 |  5.7
Dodging        | 2 |  2.4
Short Blades   | 3 |  3.4
Fighting       | |  2.5
Throwing       | |  2.1

Action                   |  1- 3 |  4- 6 || total
-------------------------+-------+-------++-------
Melee: Dagger            |    96 |   275 ||   371
  Use: Scroll            |     4 |     2 ||     6
       Potion            |     1 |     5 ||     6
 Stab: Sleeping          |     9 |     8 ||    17
  Eat: Ration            |     1 |     2 ||     3
       Chunk             |       |     1 ||     1
Armor: Robe              |    27 |    79 ||   106
       Skin              |       |    38 ||    38
Dodge: Dodged            |    59 |   164 ||   223
